 Dungeon Crawl Stone Soup version 0.22.1-1-ga44c0e5 (webtiles) character file.

96 kaesh the Cutter (level 4, -4/29 HPs)
             Began as a Kobold Berserker on Oct 20, 2018.
             Was a Believer of Trog.
             Killed by nerve-wracking pain
             ... invoked by a shadow imp
             ... summoned by Natasha
              (14 damage)
             ... on level 2 of the Dungeon.
             The game lasted 00:04:23 (2046 turns).

kaesh the Cutter (Kobold Berserker)                 Turns: 2046, Time: 00:04:24

Health: -4/29      AC:  2    Str: 21    XL:     4   Next: 98%
Magic:  4/4        EV: 16    Int:  8    God:    Trog [**....]
Gold:   90         SH:  0    Dex: 14    Spells: 3/3 levels left

rFire    . . .     SeeInvis .   a - +0 short sword
rCold    . . .     Gourm    .   (shield restricted)
rNeg     . . .     Faith    .   b - +0 animal skin
rPois    .         Spirit   .   (no helmet)
rElec    .         Reflect  .   (no cloak)
rCorr    .         Harm     .   (no gloves)
MR       .....                  (no boots)
Stlth    +.........             (no amulet)
HPRegen  0.09/turn              k - +6 ring of strength
MPRegen  0.09/turn              (no ring)

@: slowed, very slow
A: small, carnivore
a: Berserk, Trog's Hand, Renounce Religion


You were on level 2 of the Dungeon.
You worshipped Trog.
Trog was pleased with you.
You were very full.

You visited 1 branch of the dungeon, and saw 2 of its levels.

You collected 90 gold pieces.

Inventory:

Hand Weapons
 a - a +0 short sword (weapon)
Armour
 b - a +0 animal skin (worn)
Jewellery
 k - a +6 ring of strength (left hand)
Scrolls
 d - a scroll of teleportation
 e - 3 scrolls of identify
 f - 2 scrolls of remove curse
Comestibles
 c - 4 rations


   Skills:
 + Level 4.2 Fighting
 + Level 5.5 Short Blades
 + Level 1.7 Armour
 + Level 3.2 Dodging


You had 3 spell levels left.
You didn't know any spells.
Your spell library was empty.

Dungeon Overview and Level Annotations

Branches:
Dungeon (2/15)

Altars:
Okawaru

Annotations:
D:2 Natasha


Innate Abilities, Weirdness & Mutations

You are small and have problems with some larger weapons.
You are carnivorous and can eat meat at any time.


Message History

Natasha barely misses you.
You closely miss Natasha.
Natasha is almost dead.
Natasha barely misses you. The shadow imp hits you.
You hit Natasha but do no damage.
Natasha is almost dead.
Natasha misses you. The shadow imp hits you. Natasha claws you!
You are too injured to fight recklessly!
You closely miss Natasha.
Natasha is almost dead.
The shadow imp hits you but does no damage.
Natasha misses you. The shadow imp hits you.
You closely miss Natasha.
Natasha is almost dead.
Natasha barely misses you. The shadow imp closely misses you.
You hit Natasha but do no damage.
Natasha is almost dead.
Natasha casts a spell.
The shadow imp gestures at you. Pain shoots through your body!
You die...

##...#### #.######
#.##..######## #......###.#
###....## ##.###.....##
##....###
#..#####...####.....##
####..# ##..#.........##
..###.### #.............#
#..##...###...)....<....#
##..###..##..##.........#
###.####.....##.@5......#
................h.5.....#
####.###.!..###.........#
#.###..#.............#####
#..#...#..##.............#
##.#.###.............##..#
#
##.......###............##
#
#..........#....[........#
#
##.#..#####..##.....####..#


You could see Natasha, a white imp and a shadow imp.

Vanquished Creatures
  Terence (D:2)
  Natasha (D:2)
  An ooze (D:2)
  A dart slug (D:1)
  A leopard gecko (D:1)
  3 giant cockroaches (D:1)
  5 goblins
  4 hobgoblins (D:1)
  3 jackals (D:1)
  2 kobolds (D:1)
  A quokka (D:2)
  5 bats (D:1)
  3 frilled lizards
  9 rats
40 creatures vanquished.

Notes
Turn   | Place    | Note
-------+----------+-------------------------------------------
     0 | D:1      | kaesh the Kobold Berserker began the quest for the Orb.
     0 | D:1      | Reached XP level 1. HP: 14/14 MP: 1/1
   185 | D:1      | Reached XP level 2. HP: 16/19 MP: 2/2
   440 | D:1      | HP: 1/30 [frilled lizard (2)]
   747 | D:1      | Reached XP level 3. HP: 24/24 MP: 3/3
  1320 | D:2      | Noticed Terence
  1332 | D:2      | Killed Terence
  1332 | D:2      | Reached skill level 5 in Short Blades
  1332 | D:2      | Reached XP level 4. HP: 23/29 MP: 4/4
  1567 | D:2      | Found an iron altar of Okawaru.
  1838 | D:2      | Noticed Natasha
  1852 | D:2      | Killed Natasha
  1856 | D:2      | Reached ** piety under Trog
  2034 | D:2      | Noticed Natasha
  2046 | D:2      | Killed from afar by a shadow imp

Skill      XL: |  1  2  3 |
---------------+----------+-----
Fighting       | 4 |  4.2
Short Blades   | 5 |  5.5
Dodging        | 3 |  3.2
Armour         | |  1.7

Action                   |  1- 3 |  4- 6 || total
-------------------------+-------+-------++-------
Melee: Short sword       |   114 |    31 ||   145
Invok: Berserk           |     4 |       ||     4
  Use: Scroll            |     1 |     4 ||     5
       Potion            |       |     2 ||     2
 Stab: Sleeping          |     3 |     1 ||     4
  Eat: Chunk             |    12 |     3 ||    15
Armor: Animal skin       |    20 |     3 ||    23
Dodge: Dodged            |   113 |    16 ||   129
